 Seeded DCSS version 0.29-a0-468-ge57f7f99b4 (webtiles) character file.

Game seed: 6774861435536819975 (custom seed)

11607 bwicke the Covert (level 11, 0/63 HPs)
             Began as a Vine Stalker Enchanter on May 22, 2022.
             Was an Initiate of Gozag.
             Slain by a ball python (1 damage)
             ... while paralysed by a hornet
             ... on level 9 of the Dungeon.
             The game lasted 00:54:44 (9546 turns).

bwicke the Covert (Vine Stalker Enchanter)          Turns: 9546, Time: 00:54:45

Health: 0/63       AC: 10    Str: 10    XL:     11   Next: 80%
Magic:  0/19       EV: -1    Int: 17    God:    Gozag
Gold:   909        SH:  0    Dex: 18    Spells: 15/20 levels left

rFire   . . .      SeeInvis .   L - +8 Vampire's Tooth {vamp}
rCold   . . .      Faith    .   (no shield)
rNeg    . . .      Spirit   +   b - +0 robe
rPois   .          Reflect  .   Z - +0 helmet
rElec   .          Harm     .   (no cloak)
rCorr   .          Rampage  .   l - +2 pair of gloves
Will    +....                   (no boots)
Stlth   +++++.....              (no amulet)
HPRegen 1.00/turn               V - +4 ring of evasion
MPRegen 0.16/turn               x - +4 ring of protection

@: paralysed, lethally poisoned (0 -> -27), very slightly contaminated, slowed,
constricted
A: fangs 3, regeneration 1, magic shield, antimagic bite, no potion heal 2
a: Renounce Religion, Potion Petition, Call Merchant, Bribe Branch


You were on level 9 of the Dungeon.
You worshipped Gozag.
Gozag was pleased with you.
You visited 2 branches of the dungeon, and saw 10 of its levels.
You also visited: Sewer and Ossuary.

You collected 1931 gold pieces.
You spent 900 gold pieces at shops.
You paid 122 gold pieces to Gozag.

Inventory:

Hand Weapons
 a - a +1 dagger of speed
 q - a +3 short sword of venom
 y - a +2 scimitar of flaming
 F - a +5 spear
 L - the +8 Vampire's Tooth (weapon) {vamp}
   (You bought it in a shop on level 7 of the Dungeon)

   It occasionally heals its wielder for the full amount of damage dealt when it
   wounds a living foe.
 M - a +0 flail of holy wrath
 Q - a +2 antimagic dagger
 R - a +1 falchion of freezing
Missiles
 e - 3 atropa-tipped darts
 j - 3 throwing nets
 H - 33 poisoned darts
 J - 6 boomerangs of dispersal
Armour
 b - a +0 robe (worn)
 l - a +2 pair of gloves (worn)
 S - a +3 leather armour of cold resistance
 Z - a +0 helmet (worn)
Jewellery
 d - a +6 ring of intelligence
 h - a ring of positive energy
 k - a ring of protection from fire
 w - a ring of protection from fire
 x - a +4 ring of protection (right hand)
 z - a ring of ice
 B - a +4 ring of protection
 V - a +4 ring of evasion (left hand)
Wands
 p - a wand of digging (1)
 C - a wand of mindburst (7)
 P - a wand of polymorph (10)
 X - a wand of flame (5)
Scrolls
 m - 4 scrolls of blinking
 o - 2 scrolls of fear
 t - 2 scrolls of torment
 D - a scroll of poison {unknown}
 G - a scroll of immolation {unknown}
 I - a scroll of brand weapon {unknown}
 N - 2 scrolls of enchant weapon
 O - 3 scrolls of fog
 T - a scroll of silence
 W - 2 scrolls of magic mapping {unknown}
 Y - 3 scrolls of teleportation
Potions
 c - 4 potions of invisibility
 f - 3 potions of mutation {unknown}
 g - 5 potions of heal wounds {unknown}
 i - 2 potions of haste {unknown}
 n - 5 potions of curing {unknown}
 r - 2 potions of flight {unknown}
 s - 2 potions of lignification {unknown}
 u - a potion of cancellation {unknown}
 v - 3 potions of degeneration {unknown}
 A - 4 potions of might {unknown}
 K - a potion of ambrosia {unknown}
 U - 2 potions of brilliance {unknown}
Miscellaneous
 E - a piece from Xom's chessboard (15/15)


   Skills:
 - Level 10.0 Fighting
 - Level 8.1 Short Blades
 - Level 1.7 Dodging
 - Level 10.0 Stealth
 - Level 5.1 Spellcasting
 + Level 8.5 Hexes
 - Level 3.1 Ice Magic


You had 15 spell levels left.
You knew the following spells:

 Your Spells              Type           Power      Damage    Failure   Level
a - Ensorcelled Hibernat  Hex/Ice        48%        N/A       1%          2
b - Confusing Touch       Hex            33%        N/A       1%          3

Your spell library contained the following spells:

 Spells                   Type           Power      Damage    Failure   Level
 Tukima's Dance           Hex            33%        N/A       1%          3
 Dazzling Flash           Conj/Hex       36%        N/A       8%          3
 Frozen Ramparts          Ice            30%        1d5       12%         3
 Scorch                   Fire           8%         2d5       22%         2
 Sublimation of Blood     Necr           4%         N/A       22%         2
 Metabolic Englaciation   Hex/Ice        12%        N/A       34%         5
 Silence                  Hex/Air        9%         N/A       56%         5
 Ice Form                 Ice/Tmut       9%         N/A       58%         4
 Summon Ice Beast         Ice/Summ       9%         N/A       58%         4
 Flame Wave               Conj/Fire      4%         2d5       80%         4
 Petrify                  Tmut/Erth      4%         N/A       80%         4
 Agony                    Necr           4%         N/A       98%         5
 Irradiate                Conj/Tmut      2%         3d14      98%         5
 Statue Form              Tmut/Erth      2%         N/A       100%        6
 Summon Cactus Giant      Summ           2%         N/A       100%        6


Dungeon Overview and Level Annotations

Branches:
Dungeon (9/15)             Temple (1/1) D:6            Lair (0/6) D:9
    Orc (0/2) D:9           Sewer (visited)         Ossuary (visited)

Altars:
Ashenzari
Dithmenos
Elyvilon
Gozag
Kikubaaqudgha
Nemelex Xobeh
Okawaru
Qazlal
Ru
Sif Muna
Trog
Uskayaw
Vehumet
Wu Jian
Xom
Zin

Shops:
D:3 (   D:7 *((


Innate Abilities, Weirdness & Mutations

You have razor-sharp teeth.
Your natural rate of healing is unusually fast.
When hurt, damage is shared between your health and your magic reserves.
Your bite disrupts and absorbs the magic of your enemies.
Potions cannot restore your health.


Message History

The ball python hisses angrily.
The ball python hisses angrily.
You feel very sick. The hornet misses you. The water moccasin bites you.
The hornet closely misses you. The ball python completely misses you.
The ball python closely misses you.
The water moccasin completely misses you.
Aiming: Ensorcelled Hibernation (safe; 1% risk of failure)
Press: ? - help, Q - select action, (/) - cycle Shift-Dir - straight line, f/p - hornet
Aim: a hornet (water, chance to affect: 47%)
The hornet resists with some effort.
You feel sick. The hornet stings you!
You suddenly lose the ability to move!
The water moccasin bites you.
You are more poisoned.
The water moccasin poisons you!
The ball python bites you but does no damage.
The ball python completely misses you.
You feel very sick. The hornet stings you!
You feel yourself slow down. The water moccasin bites you!
You are more poisoned.
The water moccasin poisons you!
The ball python bites you but does no damage.
The ball python grabs you. The ball python constricts you.
The hornet stings you.
You feel as though you will be slow longer.
* * * LOW HITPOINT WARNING * * *
You feel extremely sick. The water moccasin bites you!
* * * LOW HITPOINT WARNING * * *
The hornet stings you!
* * * LOW HITPOINT WARNING * * *
You are more poisoned.
You feel as though you will be slow longer.
The ball python bites you but does no damage.
The ball python constricts you.
The water moccasin bites you but does no damage.
The ball python bites you.
You die...
Your body crumbles into a pile of gold.

)).....#
)8.###.#
.#....#
...# #.#
.....+
#.##
#.####
.....#♣
#.# #....#
.≈≈≈≈≈♣♣
#.# ####.♣
♣♣≈≈≈≈≈≈
#.# #.♣
♣≈S≈≈≈♣
#.## #.♣
♣♣SyS≈♣
...# #.♣♣
♣≈S@# .8.#
#..♣♣♣..##
...#
##.♣...##
####
#...###
#####


You could see a hornet, a water moccasin and 3 ball pythons.

Vanquished Creatures
  A boulder beetle (D:8)
  A two-headed ogre (D:9)
  Erica (D:9)
  Pikel (D:4)
  An ugly thing (D:9)
  A kobold demonologist (D:9)
  3 hornets
  Sigmund (D:2)
  2 wraiths
  A vampire (D:9)
  8 wyverns (D:9)
  6 yaks (D:9)
  Eustachio (D:6)
  2 steam dragons
  Edmund (D:6)
  4 water moccasins
  3 black bears (D:6)
  4 orc warriors
  An ice beast (D:6)
  2 ogres
  5 centaurs
  2 kobold brigands
  7 bullfrogs
  A gnoll sergeant (D:8)
  3 scorpions
  A hornet simulacrum (D:9)
  5 wights (D:9)
  10 killer bees
  3 howler monkeys
  2 hounds
  A human zombie (Ossuary)
  4 jellies
  13 orc priests
  Natasha (twice) (D:2)
  9 iguanas
  14 orc wizards
  3 mummies (Ossuary)
  9 gnolls
  12 adders
  A shadow imp (D:7)
  3 white imps
  4 ufetubi
  2 worms (D:4)
  4 dart slugs
  61 orcs
  12 ball pythons
  7 bats
  3 endoplasms (D:1)
  17 giant cockroaches
  2 gnoll zombies (Ossuary)
  9 goblins
  2 hobgoblins
  3 jackals (D:9)
  9 quokkas
  11 frilled lizards
  6 goblin zombies (Ossuary)
  2 hobgoblin zombies (Ossuary)
  21 kobolds
  4 kobold zombies (Ossuary)
  4 rats
  A butterfly (D:4)
339 creatures vanquished.

Vanquished Creatures (others)
  A bush (D:9)
  5 fungi (D:9)
  32 plants (D:9)
38 creatures vanquished.

Grand Total: 377 creatures vanquished

Notes
Turn   | Place    | Note
-------+----------+-------------------------------------------
     0 | D:1      | bwicke the Vine Stalker Enchanter began the quest for the
                  | Orb.
     0 | D:1      | Reached XP level 1. HP: 9/9 MP: 4/4
    58 | D:1      | Reached skill level 1 in Short Blades
   282 | D:1      | Reached XP level 2. HP: 13/13 MP: 6/6
   285 | D:1      | Learned a level 2 spell: Ensorcelled Hibernation
   671 | D:1      | Found a faded altar of an unknown god.
   957 | D:1      | Reached XP level 3. HP: 15/16 MP: 3/7
  1358 | D:2      | Noticed Natasha
  1363 | D:2      | Killed Natasha
  1429 | D:2      | Noticed Sigmund
  1717 | D:2      | Gained mutation: Your natural rate of healing is unusually
                  | fast. [Vine Stalker growth]
  1717 | D:2      | Reached XP level 4. HP: 21/21 MP: 8/8
  2028 | D:2      | Killed Sigmund
  2029 | D:2      | Reached skill level 5 in Hexes
  2029 | D:2      | Reached XP level 5. HP: 24/24 MP: 9/9
  2029 | D:2      | Reached XP level 6. HP: 28/28 MP: 10/10
  2046 | D:2      | Noticed Natasha
  2082 | D:2      | Killed Natasha
  2362 | D:3      | Found Synli's Weapon Boutique.
  2646 | D:3      | Found an iron altar of Okawaru.
  2897 | D:4      | Found a shimmering altar of Xom.
  3115 | D:4      | Found a glowing drain.
  3139 | Sewer    | Entered a sewer
  3198 | Sewer    | Reached XP level 7. HP: 32/32 MP: 5/11
  3784 | D:4      | Noticed Pikel
  3798 | D:4      | Killed Pikel
  3799 | D:4      | Reached skill level 10 in Stealth
  3799 | D:4      | Gained mutation: You have razor-sharp teeth. [Vine Stalker
                  | growth]
  3799 | D:4      | Reached XP level 8. HP: 33/36 MP: 7/12
  4275 | D:5      | Entered Level 5 of the Dungeon
  4382 | D:5      | Learned a level 3 spell: Confusing Touch
  4856 | D:6      | Reached skill level 5 in Short Blades
  4856 | D:6      | Reached XP level 9. HP: 39/39 MP: 10/13
  5014 | D:6      | Found a staircase to the Ecumenical Temple.
  5047 | Temple   | Entered the Ecumenical Temple
  5103 | Temple   | Became a worshipper of Gozag Ym Sagoz the Greedy
  5150 | D:6      | Noticed Edmund
  5154 | D:6      | Killed Edmund
  5752 | D:6      | Noticed Eustachio
  5769 | D:6      | Killed Eustachio
  6032 | D:6      | Found a glowing silver altar of Zin.
  6187 | D:7      | Found Judey's Weapon Shop.
  6222 | D:7      | Found a sacrificial altar of Ru.
  6376 | D:7      | Reached skill level 1 in Ice Magic
  6413 | D:7      | Found Wusunaj's Weapon Boutique.
  6457 | D:7      | Found Lysal's General Store.
  6795 | D:8      | Reached skill level 1 in Fighting
  6810 | D:8      | Reached XP level 10. HP: 46/46 MP: 14/14
  6828 | D:8      | Noticed a boulder beetle
  6848 | D:8      | Killed a boulder beetle
  7140 | D:8      | Reached skill level 5 in Fighting
  7173 | D:8      | Found a sand-covered staircase.
  7177 | Ossuary  | Entered an ossuary
  8211 | D:7      | Bought the +8 Vampire's Tooth {vamp} for 900 gold pieces
  8211 | D:7      | Found the +8 Vampire's Tooth {vamp}
  8373 | D:9      | Noticed a two-headed ogre
  8415 | D:9      | Killed a two-headed ogre
  8416 | D:9      | Reached XP level 11. HP: 60/60 MP: 15/15
  8456 | D:9      | Noticed a purple ugly thing
  8654 | D:9      | Killed a purple ugly thing
  8698 | D:9      | Reached skill level 10 in Fighting
  8711 | D:9      | Paralysed by a hornet for 2 turns
  8801 | D:9      | Noticed Erica
  8819 | D:9      | Killed Erica
  8882 | D:9      | Reached skill level 5 in Spellcasting
  9049 | D:9      | Found a staircase to the Lair.
  9428 | D:9      | Found a staircase to the Orcish Mines.
  9544 | D:9      | Paralysed by a hornet for 3 turns
  9546 | D:9      | HP: 1/63 [hornet (8)]
  9546 | D:9      | Slain by a ball python

Illustrated notes

Levels and vault maps discovered:
D:1:      nzn_arrival_water_spiral, layout_basic, basic_ecumenical_altar
D:2:      layout_loops_corners, uniq_natasha, uniq_sigmund
D:3:      layout_basic, okawaru_altar_gauntlet_db, serial_shops, shop_statue
D:4:      layout_loops_ring, xom_butterflies, gup_sewer_entry_pipe,
          nicolae_elevator_lobby_asterisk, uniq_pikel
D:5:      layout_rooms, corexii_leaking_fountain
D:6:      layout_loops_ring, zin_treasury, minmay_temple_entry_gardened_gates,
          grunt_decor_junction, grunt_decor_mini_mirrors, nicolae_benzene_ring,
          wad_rectangle_vault, uniq_edmund, uniq_eustachio
D:7:      layout_rooms, general_overflow_altar, serial_shops,
          nicolae_lakefront_shop, nicolae_shop_advertising_works
          [nicolae_subvault_shop_adworks], nicolae_shop_bloodbath_and_beyond
D:8:      layout_basic, nicolae_ossuary_entry_plus
D:9:      cheibrodos_fzero, layout_basic, minmay_lair_entry_grove,
          hiddenorc2_lemuel, hellmonk_bongcloud_opening,
          introduction_to_nature_2, uniq_erica
Temple:   regret_index_temple_mists

Skill      XL: |  1  2  3  4  5  6  7  8  9 10 11 |
---------------+----------------------------------+-----
Short Blades   | 1 5 8 |  8.1
Hexes          | 4 5 7 8 |  8.5
Stealth        | 6 8 10 | 10.0
Ice Magic      | 3 |  3.1
Fighting       | 1 8 10 | 10.0
Spellcasting   | 5 |  5.1
Dodging        | |  1.7

Action                   |  1- 3 |  4- 6 |  7- 9 | 10-12 || total
-------------------------+-------+-------+-------+-------++-------
Melee: Dagger            |    65 |    23 |       |       ||    88
       Bite              |     8 |    31 |    51 |   150 ||   240
       Punch             |     1 |     2 |     1 |     6 ||    10
       Short sword       |       |    89 |   200 |    90 ||   379
       Quick blade       |       |       |       |   364 ||   364
Throw: Dart              |     2 |       |       |       ||     2
 Cast: Ensorcelled Hiber |    10 |    10 |    61 |    44 ||   125
       Confusing Touch   |       |       |     7 |    15 ||    22
  Use: Scroll            |       |       |     7 |     5 ||    12
 Stab: Sleeping          |    14 |    14 |    53 |    29 ||   110
       Distracted        |     1 |       |     4 |     9 ||    14
       Confused          |       |       |     1 |    13 ||    14
Armor: Robe              |    16 |    18 |    47 |    68 ||   149
Dodge: Dodged            |    42 |    58 |    93 |   183 ||   376

Table legend: (Time is in decaauts)
 A = Elapsed time spent in this place.
 B = Non-inter-level travel time spent in this place.
 C = Inter-level travel time spent in this place.
 D = Time resting spent in this place.
 E = Time spent auto-exploring this place.
 F = Levels seen in this place.
 G = Mean time per level.
                   A        B        C        D        E       F      G
               +--------+--------+--------+--------+--------+-----+--------+
         Total |   9363 |   9061 |    302 |    368 |   4734 |  12 |  780.2 |
       Dungeon |   8268 |   7966 |    302 |    368 |   4420 |   9 |  918.7 |
        Temple |     85 |     85 |      0 |      0 |      0 |   1 |   85.0 |
         Sewer |    603 |    603 |      0 |      0 |    247 |   1 |  603.0 |
       Ossuary |    405 |    405 |      0 |      0 |     66 |   1 |  405.0 |
               +--------+--------+--------+--------+--------+-----+--------+

Top non-repeatable levels by time:
     D:1: 1205 daAuts
     D:6: 1176 daAuts
     D:2: 1087 daAuts
     D:8: 1050 daAuts
     D:9: 1036 daAuts
     D:4: 880 daAuts
     D:5: 655 daAuts
     D:3: 605 daAuts
   Sewer: 603 daAuts
     D:7: 570 daAuts
 Ossuary: 405 daAuts
  Temple: 85 daAuts
